Map: Frozen Temple

Players

chase - Winner!

  • Race: Terran Terran
  • League: Diamond

MariArena

  • Race: Zerg Zerg

VOD

Have the link to the VOD?

Description

Time

  • Played on: Oct. 19, 2016, 7:19 p.m.
  • Length: 13:47
Show
View Real Time Build Order
Export as new Build Order

chase Terran - Winner!

Build Orders: MMM Bio 

Get SALT Encoding   

  12  0:01  SCV  
  13  0:13  SCV  
  14  0:25  SCV, Supply Depot  
  15  0:38  Refinery  
  15  0:46  SCV  
  15  0:47  Barracks  
  16  0:58  SCV  
  17  1:06  Barracks  
  17  1:10  SCV  
  18  1:18  Barracks  
  18  1:29  Supply Depot  
  18  1:35  Reaper  
  19  1:46  Orbital Command  
  19  2:00  Refinery  
  19  2:02  Reaper  
  19  2:07  Reaper  
  21  2:15  SCV  
  22  2:23  Reaper  
  23  2:30  SCV  
  24  2:41  Reaper  
  24  2:43  SCV  
  26  2:52  Command Center, Unknown  
  26  3:02  Reaper  
  26  3:03  Reaper  
  26  3:21  Reaper  
  27  3:35  Reaper  
  27  3:39  SCV, Reaper  
  30  3:45  Command Center, Unknown  
  30  3:47  Supply Depot  
  30  3:51  SCV  
  31  4:03  Reaper, Unknown  
  31  4:04  SCV, Orbital Command  
  31  4:07  Reaper  
  34  4:16  Reaper  
  35  4:25  SCV  
  36  4:37  SCV  
  38  4:39  Barracks Tech Lab  
  38  4:54  Marine x2  
  38  4:55  SCV  
  38  4:56  SCV  
  38  4:57  Unknown  
  38  4:59  Bunker  
  40  5:02  Supply Depot  
  40  5:03  Orbital Command  
  40  5:04  Supply Depot  
  40  5:08  SCV  
  42  5:15  Stimpack  
  42  5:16  Marine  
  42  5:19  Barracks Reactor  
  42  5:25  Barracks Reactor  
  41  5:43  SCV x2  
  41  5:44  SCV  
  41  5:47  Marine  
  44  5:54  Factory  
  44  5:55  SCV x2  
  44  5:56  SCV  
  47  5:58  Engineering Bay  
  47  6:05  Marine  
  47  6:07  SCV  
  47  6:08  SCV  
  50  6:17  SCV  
  50  6:18  Marine x4  
  53  6:19  SCV  
  53  6:20  SCV  
  53  6:22  Engineering Bay  
  53  6:23  Marine  
  53  6:24  Supply Depot  
  58  6:36  Marine  
  58  6:39  Marine x3  
  62  6:40  SCV x2  
  64  6:49  Marine  
  64  6:51  Factory Reactor, Orbital Command  
  64  6:52  SCV  
  64  6:53  Marine  
  68  6:54  Starport  
  68  6:57  Marine  
  68  7:03  Refinery  
  68  7:04  Refinery  
  68  7:06  Marine x2  
  68  7:07  Marine  
  71  7:11  SCV x2, Marine  
  71  7:12  Bunker  
  74  7:22  Marine  
  70  7:23  SCV  
  70  7:24  Marine x2  
  70  7:25  Combat Shields  
  70  7:31  SCV  
  71  7:37  Terran Infantry Weapons Level 1  
  71  7:38  Barracks  
  71  7:39  Barracks  
  71  7:43  SCV x2, Factory Reactor  
  71  7:44  SCV  
  71  7:55  SCV  
  71  7:56  SCV x2  
  74  8:02  Medivac x2  
  78  8:19  Terran Infantry Armor Level 1  
  78  8:22  Missile Turret, Armory  
  78  8:24  Missile Turret  
  78  8:28  Missile Turret  
  78  8:32  Medivac x2  
  80  8:36  SCV x3  
  80  8:37  Marine x2  
  80  8:38  Barracks Reactor x2  
  80  8:39  Widow Mine x2  
  89  8:44  Marine x3  
  92  8:55  Marine  
  93  8:56  Supply Depot x2, Command Center, Unknown  
  93  8:57  Supply Depot  
  93  9:01  Supply Depot, Marine x2  
  93  9:02  Marine x2  
  97  9:06  Concussive Shells  
  97  9:08  Widow Mine x2  
  101  9:12  Supply Depot  
  101  9:13  Marine  
  102  9:17  Marine x2  
  102  9:18  Marine x2  
  102  9:19  Marine x3  
  102  9:20  Supply Depot  
  109  9:39  Marine x3  
  109  9:40  Marine, Terran Infantry Weapons Level 2  
  113  9:46  Marine x5, Widow Mine x2  
  122  9:57  Marine  
  123  10:00  Marine x3  
  123  10:03  Marine x2  
  128  10:07  Unknown  
  128  10:08  Barracks  
  128  10:09  Barracks  
  128  10:10  Barracks  
  128  10:12  Supply Depot  
  128  10:13  Supply Depot, Terran Infantry Armor Level 2  
  128  10:19  Marine x6  
  134  10:21  Widow Mine  
  134  10:22  Widow Mine  
  134  10:28  Orbital Command  
  137  10:43  Missile Turret  
  137  10:44  Missile Turret  
  133  11:08  Marine x4  
  103  11:13  Marine x5  
  103  11:14  Marine x3  
  109  11:26  Marine x4  
  109  11:31  Marine x5  
  118  11:33  Marine  
  118  11:39  Barracks Reactor  
  110  11:40  Barracks Reactor, Widow Mine x2  
  110  11:42  Viking  
  110  11:43  Marine  
  110  11:44  Marine x3  
  111  11:48  Marine x2  
  111  11:49  Marine x3  
  116  11:55  Marine  
  113  12:01  Marine x2  
  113  12:02  Marine x2  
  113  12:06  Marine x2  
  113  12:09  Marine x3, Widow Mine x2  
  113  12:10  Missile Turret x2  
  113  12:11  Orbital Command  
  113  12:13  Marine  
  114  12:19  Marine  
  104  12:30  Marine  
  104  12:31  Marine x6  
  104  12:32  Marine x6  
  117  12:37  Widow Mine x2  
  117  12:39  Missile Turret  
  117  12:41  Missile Turret, Marine  
  120  12:48  Marine x3  
  120  12:49  Marine x3  
  124  13:03  Marine  
  124  13:04  Marine x6  
  124  13:05  Marine  
  132  13:06  Widow Mine x2  
Show
View Real Time Build Order
Export as new Build Order

MariArena Zerg 

Build Orders: Pool First, Muta Ling Bane 

Get SALT Encoding   

  12  0:01  Drone  
  13  0:08  Drone  
  14  0:17  Overlord  
  14  0:36  Drone x3  
  17  0:47  Drone  
  18  0:52  Spawning Pool  
  17  0:58  Drone  
  18  1:12  Drone  
  18  1:17  Unknown, Hatchery  
  18  1:47  Queen  
  18  1:49  Overlord  
  20  1:59  Extractor  
  18  2:17  Zergling x4  
  18  2:20  Drone  
  21  2:23  Queen  
  21  2:29  Unknown  
  24  2:30  Drone  
  24  2:32  Drone  
  25  2:44  Drone x2  
  27  3:03  Queen  
  28  3:06  Metabolic Boost  
  28  3:10  Drone x2  
  29  3:16  Zergling x8  
  32  3:36  Drone x4  
  32  3:40  Overlord  
  34  3:56  Queen  
  34  3:59  Zergling x4  
  34  4:00  Zergling x2  
  37  4:04  Drone x3  
  34  4:25  Unknown, Hatchery  
  33  4:31  Zergling x2  
  33  4:32  Zergling x14  
  39  4:41  Baneling Nest  
  39  4:43  Drone x2  
  38  4:59  Drone x5  
  43  5:07  Overlord  
  43  5:12  Unknown, Hatchery  
  41  5:17  Drone x2  
  42  5:37  Baneling  
  42  5:38  Baneling x4  
  40  5:43  Zergling x2  
  40  5:44  Zergling x12  
  40  5:46  Queen x2  
  46  5:59  Drone x5  
  49  6:21  Evolution Chamber  
  49  6:24  Extractor  
  47  6:28  Drone x4  
  47  6:31  Extractor  
  47  6:32  Extractor  
  49  6:35  Overlord x2  
  49  6:39  Zergling x4  
  50  6:45  Unknown, Hatchery  
  49  6:48  Zergling x4  
  49  6:50  Lair  
  51  6:56  Drone x3  
  54  7:07  Drone x4  
  58  7:09  Zerg Melee Weapons Level 1  
  52  7:45  Zergling x8  
  52  7:46  Zergling x10  
  61  7:51  Centrifical Hooks  
  61  7:52  Spire  
  61  7:55  Drone  
  61  7:56  Drone x2  
  61  7:57  Unknown, Drone  
  64  8:03  Zergling x10  
  64  8:05  Baneling x5  
  69  8:06  Baneling x3  
  69  8:25  Drone x5  
  74  8:28  Overlord  
  74  8:30  Overlord x2  
  74  8:49  Overlord x2  
  74  8:53  Drone x2  
  74  8:55  Extractor x2  
  77  9:01  Drone  
  75  9:06  Overlord  
  75  9:08  Overlord  
  75  9:11  Zerg Melee Weapons Level 2  
  75  9:15  Unknown, Hatchery  
  75  9:16  Infestation Pit  
  73  9:24  Drone x3  
  73  9:27  Drone x8  
  73  9:28  Drone  
  85  9:35  Mutalisk x2  
  89  9:48  Drone x2  
  89  9:50  Drone  
  92  9:53  Overlord  
  92  9:55  Hive  
  92  9:56  Zerg Flyer Weapons Level 1  
  92  9:59  Mutalisk x2  
  91  10:00  Mutalisk x7  
  91  10:02  Unknown, Hatchery  
  91  10:04  Baneling x2  
  108  10:22  Drone x2  
  108  10:27  Mutalisk x3  
  108  10:28  Mutalisk  
  118  10:33  Zergling x10  
  123  10:35  Extractor  
  123  10:36  Extractor  
  120  10:44  Zergling x2  
  120  10:45  Zergling x10  
  120  10:49  Zergling x2  
  95  11:11  Zergling x2  
  95  11:12  Zergling x20  
  95  11:14  Unknown  
  101  11:19  Zergling x4  
  101  11:20  Zergling x2  
  89  11:36  Zergling x6  
  89  11:37  Zergling x14  
  85  11:44  Overseer  
  80  11:47  Zerg Ground Armor Level 1  
  80  11:52  Queen  
  80  11:53  Zergling x2  
  83  11:54  Zergling x18  
  89  12:04  Zergling x2  
  89  12:05  Zergling x6  
  89  12:07  Baneling x3  
  89  12:08  Baneling x4  
  90  12:11  Mutalisk x3  
  87  12:27  Zergling x2  
  87  12:28  Zergling x12  
  81  12:37  Drone x7  
  81  12:41  Baneling x3  
  82  12:54  Zergling x2  
  82  12:55  Zergling x16  
  80  13:13  Baneling x4  
  80  13:14  Baneling x5  
  80  13:16  Unknown, Hatchery  
  80  13:19  Zergling x18  
  85  13:22  Baneling x7  
Tags
 
Add a new tag
Caveats
  • Supply blocks, unpowered buildings, or Contaminate may cause inaccurate times.
  • Supply counts are checked every 10 seconds.